 Dungeon Crawl Stone Soup version 0.29-a0-1039-gfc20370e89 (webtiles) character file.

Game seed: 11702371499759650456

4 BritishOli the Trooper (level 1, 0/18 HPs)
             Began as a Demonspawn Fighter on Aug 15, 2022.
             Slain by an endoplasm (1 damage)
             ... on level 1 of the Dungeon.
             The game lasted 00:00:17 (186 turns).

BritishOli the Trooper (Demonspawn Fighter)          Turns: 186, Time: 00:00:18

Health: 0/18       AC:  6    Str: 16    XL:     1   Next: 58%
Magic:  1/1        EV:  8    Int:  9    God:
Gold:   0          SH:  4    Dex: 12    Spells: 0/0 levels left

rFire   . . .      SeeInvis .   a - +0 long sword
rCold   . . .      Faith    .   c - +0 buckler
rNeg    . . .      Spirit   .   b - +0 scale mail
rPois   .          Reflect  .   (no helmet)
rElec   .          Harm     .   (no cloak)
rCorr   .          Rampage  .   (no gloves)
Will    .....                   (no boots)
Stlth   ..........              (no amulet)
HPRegen 0.06/turn               (no ring)
MPRegen 0.07/turn               (no ring)

@: no status effects
A: no striking features
a: no special abilities


You were on level 1 of the Dungeon.
You visited 1 branch of the dungeon, and saw 1 of its levels.

Inventory:

Hand Weapons
 a - a +0 long sword (weapon)
Armour
 b - a +0 scale mail (worn)
 c - a +0 buckler (worn)
Potions
 d - a potion of might


   Skills:
 + Level 3.0 Fighting
 + Level 1.9 Long Blades
 + Level 2.7 Armour
 + Level 2.7 Shields


You couldn't memorise any spells.
You didn't know any spells.
Your spell library was empty.

Dungeon Overview and Level Annotations

Branches:
Dungeon (1/15)

Altars:


Message History

You hit the jackal.
The jackal is moderately wounded.
The jackal closely misses you. The endoplasm hits you.
The endoplasm freezes you.
You are frozen.
You block the jackal's attack. The jackal attacks as you move away!
The jackal bites you.
The endoplasm hits you but does no damage.
A jackal comes into view.
The jackal attacks as you move away!
The jackal bites you but does no damage. x2
The goblin attacks as you move away! The goblin hits you but does no damage.
The jackal attacks as you move away! The jackal completely misses you.
You block the jackal's attack.
A hobgoblin comes into view.
The hobgoblin shouts!
A ball python comes into view.
You are too injured to fight recklessly!
You are too injured to fight recklessly!
You are too injured to fight recklessly!
You are too injured to fight recklessly!
The ball python hisses angrily.
You hit the jackal but do no damage.
The jackal bites you but does no damage.
The jackal bites you.
You closely miss the jackal. The jackal bites you.
* * * LOW HITPOINT WARNING * * *
The endoplasm hits you.
* * * LOW HITPOINT WARNING * * *
The jackal barely misses you. The endoplasm freezes you.
You are frozen.
* * * LOW HITPOINT WARNING * * *
Unknown command.
Unknown command.
You hit the jackal but do no damage. The jackal barely misses you.
The endoplasm hits you but does no damage.
The jackal bites you but does no damage.
You barely miss the jackal. The jackal barely misses you.
The endoplasm hits you.
You die...

#......[..# ..
...#..'.†.[.)# #.
.....#'#..#### #.
.....##.##..## .. #.#
....##.8.##).## ...
#.##...##.....##..# ....
#S....##...+...##.#
#..####.#.#.#...#+#...#.#
#.....J@##.+8.##.##.8'.. #
..#...J#h#.#.##...##.#.#
#.. #....#g..###.....###.#
.....#........##....#..##.#
#........##.#.#..#.###..#.#
#..................# ##...#
##.####.###......### #####
h ### #..##### ##.#


You could see 2 endoplasms, a jackal, a goblin and a ball python.

Vanquished Creatures
  2 ball pythons (D:1)
  An endoplasm (D:1)
  A bat (D:1)
4 creatures vanquished.

Notes
Turn   | Place    | Note
-------+----------+-------------------------------------------
     0 | D:1      | BritishOli the Demonspawn Fighter began the quest for the
                  | Orb.
     0 | D:1      | Reached XP level 1. HP: 18/18 MP: 1/1
   186 | D:1      | Slain by an endoplasm

Illustrated notes

Levels and vault maps discovered:
D:1:      elethiomel_arrival_fortress_basement, layout_loops_cross,
          serial_shops, shop, ebering_ecumenical_altar_abandoned,
          grunt_decor_arrowhead

Action                   || total
-------------------------++-------
Melee: Long sword        ||    22
Armor: Scale mail        ||    22
Dodge: Dodged            ||    16
Block: Buckler           ||     7

Table legend: (Time is in decaauts)
 A = Elapsed time spent in this place.
 B = Non-inter-level travel time spent in this place.
 C = Inter-level travel time spent in this place.
 D = Time resting spent in this place.
 E = Time spent auto-exploring this place.
 F = Levels seen in this place.
 G = Mean time per level.
                   A        B        C        D        E       F      G
               +--------+--------+--------+--------+--------+-----+--------+
         Total |    193 |    193 |      0 |      0 |    139 |   1 |  193.0 |
       Dungeon |    193 |    193 |      0 |      0 |    139 |   1 |  193.0 |
               +--------+--------+--------+--------+--------+-----+--------+

Top non-repeatable levels by time:
     D:1: 193 daAuts
